 Dungeon Crawl Stone Soup version 0.25-a0-576-g50b708a4c4 (webtiles) character file.

Game seed: 18029654661152011489, levelgen mode: deterministic

6344 Flugslaktarn the Cleaver (level 10, -1/92 HPs)
             Began as a Deep Dwarf Fighter on Mar 2, 2020.
             Was a Follower of Makhleb.
             Slain by a death yak (6 damage)
             ... on level 9 of the Dungeon.
             The game lasted 00:03:30 (4414 turns).

Flugslaktarn the Cleaver (Deep Dwarf Fighter)       Turns: 4414, Time: 00:03:30

Health: -1/92      AC: 23    Str: 24    XL:     10   Next: 64%
Magic:  11/11      EV:  6    Int:  8    God:    Makhleb [*.....]
Gold:   364        SH: 11    Dex: 12    Spells: 9/9 levels left

rFire    . . .     SeeInvis .   a - +0 war axe
rCold    . . .     Gourm    .   c - +0 kite shield
rNeg     . . .     Faith    .   i - +0 plate armour
rPois    .         Spirit   .   q - +2 helmet
rElec    .         Reflect  .   (no cloak)
rCorr    .         Harm     .   u - +2 pair of gloves
MR       +....                  g - +2 pair of boots
Stlth    ..........             (no amulet)
HPRegen  0.00/turn              (no ring)
MPRegen  0.12/turn              (no ring)

@: non-regenerating
A: damage resistance, heal wounds, sense surroundings 2, no regeneration
a: Heal Wounds, Renounce Religion


You were on level 9 of the Dungeon.
You worshipped Makhleb.
Makhleb was aware of your devotion.
You were not hungry.

You visited 2 branches of the dungeon, and saw 10 of its levels.

You collected 402 gold pieces.
You spent 38 gold pieces at shops.

Inventory:

Hand Weapons
 a - a +0 war axe (weapon)
Armour
 c - a +0 kite shield (worn)
 g - a +2 pair of boots (worn)
   (You found it on level 3 of the Dungeon)
 i - a +0 plate armour (worn)
   (You found it on level 8 of the Dungeon)
 p - +0 swamp dragon scales
   (You took it off Maggie on level 9 of the Dungeon)
 q - a +2 helmet (worn)
   (You found it on level 5 of the Dungeon)
 u - a +2 pair of gloves (worn)
   (You found it on level 5 of the Dungeon)
Jewellery
 b - an uncursed ring of ice
   (You found it on level 8 of the Dungeon)
Wands
 o - a wand of clouds (7)
   (You took it off Pikel on level 6 of the Dungeon)
 v - a wand of digging (2)
   (You found it on level 7 of the Dungeon)
 B - a wand of iceblast (6)
   (You found it on level 6 of the Dungeon)
Scrolls
 h - a scroll of fog
 j - a scroll of immolation
 l - a scroll of magic mapping
 r - 4 scrolls of identify
 t - 2 scrolls of teleportation
 x - 2 scrolls of remove curse
 y - a scroll of holy word
Potions
 d - 4 potions of might
 f - a potion of heal wounds {unknown}
 k - 2 potions of stabbing
 n - 2 potions of resistance
 A - 2 potions of curing {unknown}
Comestibles
 e - 15 rations
 m - 8 chunks of flesh


   Skills:
 + Level 6.8 Fighting
 * Level 10.9 Axes
 + Level 8.3 Armour
 + Level 8.4 Shields
 + Level 6.1 Invocations


You had 9 spell levels left.
You didn't know any spells.
Your spell library was empty.

Dungeon Overview and Level Annotations

Branches:
Dungeon (9/15)             Temple (1/1) D:7             Orc (0/2) D:9
   Lair: D:8-11

Altars:
Ashenzari
Cheibriados
Dithmenos
Elyvilon
Hepliaklqana
Kikubaaqudgha
Makhleb
Qazlal
Sif Muna
Trog
Uskayaw
Vehumet
Xom
The Shining One

Shops:
D:4 *


Innate Abilities, Weirdness & Mutations

You are resistant to damage.
You can heal yourself by infusing magical energy.
You passively map the area around you.
You do not regenerate.


Message History

The death yak barely misses you.
You barely miss the death yak.
The death yak is lightly wounded.
The death yak gores you but does no damage.
You slice the death yak!!
The death yak is heavily wounded.
The death yak gores you!
You slash the death yak!
The death yak is heavily wounded.
The death yak gores you!
* * * LOW HITPOINT WARNING * * *
You slash the death yak!
The death yak is severely wounded.
You feel a little less mighty now. The death yak gores you!!
* * * LOW HITPOINT WARNING * * *
You hit the death yak.
The death yak is severely wounded.
The death yak gores you!
You die...

.........### ###....##.#,*
...........# #.........$,
..<...####'## #.......#,
..##........# #YY.....# *
..##........# #Y.YY...#
..##........# #Y......#
..###+###[### #.......#
..###.###.###########YY.....#
..........#..#..@YYYYYYY.......,
#####........#.##############.#*
.[..........#.# *.. ,
#########...#รท# , * ,
...#.......#.# * * ,
........####.# * , ,
####.#.......# * * ..,#########
*,, ,, ** ##** * ,


You could see 4 death yaks, 4 yaks and a sky beast.

Vanquished Creatures
  A two-headed ogre (D:8)
  3 death yaks (D:9)
  Pikel (D:6)
  Maggie (D:9)
  2 trolls (D:9)
  A wyvern (D:8)
  An orc warrior (D:6)
  4 slaves (D:6)
  A black bear (D:9)
  A phantom (D:9)
  6 ogres
  2 necrophages
  2 centaurs (D:5)
  2 bullfrogs
  2 scorpions
  4 howler monkeys
  A crimson imp (D:9)
  A quasit (D:8)
  2 centaur zombies
  4 jellies
  A centaur skeleton (D:7)
  2 orc priests
  4 hounds
  2 iguanas (D:5)
  10 orc wizards
  7 worker ants
  A hound zombie (D:6)
  5 adders
  2 shadow imps
  An ooze (D:3)
  3 adder skeletons
  4 leopard geckos
  29 orcs
  A goblin (D:1)
  2 hobgoblins (D:3)
  12 jackals
  3 quokkas
  A leopard gecko zombie (D:6)
  A quokka skeleton (D:4)
133 creatures vanquished.

Notes
Turn   | Place    | Note
-------+----------+-------------------------------------------
     0 | D:1      | Flugslaktarn the Deep Dwarf Fighter began the quest for the
                  | Orb.
     0 | D:1      | Reached XP level 1. HP: 20/20 MP: 1/1
   179 | D:3      | Reached XP level 2. HP: 25/27 MP: 2/2
   229 | D:4      | Reached skill level 3 in Axes
   229 | D:4      | Reached XP level 3. HP: 24/34 MP: 3/3
   231 | D:4      | Found Suinasoc's Assorted Antiques.
   234 | D:4      | Bought a scroll labeled KUUDEIPN POSTUNUPN for 19 gold
                  | pieces
   241 | D:4      | Reached XP level 4. HP: 28/42 MP: 4/4
   254 | D:4      | Noticed an ogre
   266 | D:4      | Killed an ogre
   266 | D:4      | Reached skill level 4 in Axes
   266 | D:4      | Reached XP level 5. HP: 26/49 MP: 5/5
   380 | D:4      | Reached XP level 6. HP: 38/56 MP: 6/6
   621 | D:4      | Bought a scroll labeled FETOTUEPUM for 19 gold pieces
   865 | D:4      | Reached skill level 5 in Axes
  1035 | D:5      | Entered Level 5 of the Dungeon
  1090 | D:5      | Reached XP level 7. HP: 32/64 MP: 7/7
  1143 | D:5      | Reached skill level 5 in Armour
  1143 | D:5      | Reached skill level 5 in Shields
  1196 | D:5      | Reached skill level 6 in Axes
  1472 | D:5      | Reached XP level 8. HP: 47/73 MP: 8/8
  1771 | D:6      | Noticed Pikel
  1807 | D:6      | Killed Pikel
  1807 | D:6      | Reached skill level 5 in Fighting
  1807 | D:6      | Reached skill level 7 in Axes
  2190 | D:6      | Reached skill level 8 in Axes
  2385 | D:7      | Found a staircase to the Ecumenical Temple.
  2401 | Temple   | Entered the Ecumenical Temple
  2439 | Temple   | Became a worshipper of Makhleb the Destroyer
  2880 | D:7      | Reached skill level 1 in Invocations
  3110 | D:8      | Gained mutation: You passively map the area around you.
                  | [Deep Dwarf growth]
  3110 | D:8      | Reached XP level 9. HP: 60/81 MP: 7/9
  3139 | D:8      | Noticed a two-headed ogre
  3175 | D:8      | Killed a two-headed ogre
  3175 | D:8      | Reached skill level 9 in Axes
  3786 | D:9      | Reached * piety under Makhleb
  3797 | D:9      | Found a staircase to the Orcish Mines.
  4133 | D:9      | Noticed Maggie
  4133 | D:9      | Noticed a troll
  4150 | D:9      | Killed Maggie
  4150 | D:9      | Reached XP level 10. HP: 68/91 MP: 10/10
  4158 | D:9      | Reached skill level 10 in Axes
  4343 | D:9      | Noticed a death yak
  4344 | D:9      | Noticed a death yak
  4344 | D:9      | Noticed a death yak
  4344 | D:9      | Noticed a death yak
  4344 | D:9      | Noticed a death yak
  4345 | D:9      | Noticed a death yak
  4345 | D:9      | Noticed a death yak
  4377 | D:9      | Killed a death yak
  4377 | D:9      | Reached skill level 5 in Invocations
  4390 | D:9      | Killed a death yak
  4402 | D:9      | Killed a death yak
  4414 | D:9      | Slain by a death yak

Levels and vault maps discovered:
D:1:      dpeg_arrival_ratfight, layout_basic
D:2:      layout_loops_ring
D:3:      kennysheep_the_goblin_king, layout_rooms,
          yredelemnul_forgotten_temple_becter, makhleb_altar_promises_db
D:4:      layout_loops_ring, first_ration, serial_shops, kennysheep_mini
D:5:      layout_loops_cross
D:6:      layout_rooms, uniq_pikel
D:7:      layout_basic, minmay_temple_entry_mini_moons
D:8:      layout_loops_ring
D:9:      layout_basic, dpeg_lair_monsters, david_orc_2, uniq_maggie,
          uniq_psyche
Temple:   nicolae_temple_the_god_donut

Skill      XL: |  1  2  3  4  5  6  7  8  9 10 |
---------------+-------------------------------+-----
Fighting       | 3 4 5 6 |  6.8
Axes           | 3 4 5 6 8 9 10 | 10.9
Armour         | 4 5 6 7 8 |  8.3
Shields        | 4 5 6 7 8 |  8.4
Invocations    | 1 4 6 |  6.1

Action                   |  1- 3 |  4- 6 |  7- 9 | 10-12 || total
-------------------------+-------+-------+-------+-------++-------
Melee: War axe           |    31 |   141 |   331 |    81 ||   584
 Abil: Heal Wounds       |       |     4 |    17 |     6 ||    27
  Use: Scroll            |       |       |    17 |       ||    17
       Potion            |       |       |       |     1 ||     1
  Eat: Chunk             |       |     1 |    10 |     1 ||    12
Armor: Scale mail        |    11 |    75 |    54 |       ||   140
       Chain mail        |       |       |    62 |       ||    62
       Plate armour      |       |       |    45 |    46 ||    91
Dodge: Dodged            |     4 |    39 |   102 |    13 ||   158
Block: Kite shield       |    19 |    69 |   197 |    44 ||   329

Table legend:
 A = Non-vault XP
 B = Vault XP
 C = Vault XP percentage of total XP
 D = Non-vault monster count
 E = Vault monster count
 F = Vault count percentage of total count
                 A         B        C        D         E       F
            +---------+---------+-------+---------+---------+-------
      Total |    5394 |    3669 |  40.5 |     120 |       9 |   7.0
            +---------+---------+-------+---------+---------+-------
        D:1 |       2 |       0 |   0.0 |       1 |       0 |   0.0
        D:3 |      24 |       0 |   0.0 |       4 |       0 |   0.0
        D:4 |     631 |       0 |   0.0 |      26 |       0 |   0.0
        D:5 |     798 |       0 |   0.0 |      17 |       0 |   0.0
        D:6 |     334 |     663 |  66.5 |      15 |       1 |   6.2
        D:7 |     270 |       0 |   0.0 |      14 |       0 |   0.0
        D:8 |    1630 |       0 |   0.0 |      18 |       0 |   0.0
        D:9 |    1705 |    3006 |  63.8 |      25 |       8 |  24.2
            +---------+---------+-------+---------+---------+-------
